 Dungeon Crawl Stone Soup version 0.31.0-4-g52a2dc7128 (webtiles) character file.

Game seed: 14825545533147673455

7463 Beon the Geomancer (level 11, -24/64 HPs)
             Began as an Octopode Earth Elementalist on Jan 22, 2024.
             Was an Initiate of Gozag.
             Annihilated by Erolcha
             ... wielding a +0 giant club
              (39 damage)
             ... on level 1 of the Orcish Mines.
             The game lasted 01:33:05 (12452 turns).

Beon the Geomancer (Octopode Earth Elementalist)   Turns: 12452, Time: 01:33:05

Health: -24/64     AC:  1    Str:  8    XL:     11   Next: 15%
Magic:  34/34      EV: 14    Int: 21    God:    Gozag
Gold:   1393       SH:  0    Dex: 19    Spells: 9/30 levels left

rFire   . . .        b - staff of earth
rCold   . . .        (no shield)
rNeg    . . .        (helmet restricted)
rPois   .            h - amulet of the acrobat
rElec   .            l - ring of wizardry
rCorr   .            n - ring of magical power
SInv    .            s - +4 ring of slaying
Will    +....        B - +6 ring of dexterity
Stlth   ++++++       M - ring of willpower
HPRegen 0.30/turn    (no ring)
MPRegen 0.24/turn    (no ring)
                     (no ring)

%: acrobat, wizardry (x1)
@: no status effects
A: almost no armour, amphibious, 8 rings, camouflage 1, gelatinous body 1,
(nimble swimmer 1), tentacles
a: Renounce Religion, Potion Petition, Call Merchant, Bribe Branch


You were on level 1 of the Orcish Mines.
You worshipped Gozag.
Gozag was most pleased with you.
You visited 3 branches of the dungeon, and saw 12 of its levels.
You also visited: Bailey.

You collected 1594 gold pieces.
You spent 155 gold pieces at shops.
You paid 46 gold pieces to Gozag.

Inventory:

Hand Weapons
 a - a +0 dagger of electrocution
 z - a +3 spear of venom
Missiles
 c - 4 boomerangs
 e - 14 poisoned darts (quivered)
 y - 2 throwing nets
 F - 2 curare-tipped darts
Magical Staves
 b - a staff of earth (weapon)
 x - a staff of cold
Jewellery
 h - an amulet of the acrobat (around mantle)
 l - a ring of wizardry (left tentacle)
 n - a ring of magical power (right tentacle)
 p - a ring of ice
 s - a +4 ring of slaying (on tentacle)
 B - a +6 ring of dexterity (on tentacle)
 H - an amulet of guardian spirit
 L - a ring of flight
 M - a ring of willpower (on tentacle)
Talismans
 N - a serpent talisman
Wands
 D - a wand of polymorph (8)
 G - a wand of light (8)
Scrolls
 g - a scroll of summoning
 i - 4 scrolls of teleportation
 k - a scroll of torment
 r - 3 scrolls of poison
 u - 4 scrolls of noise
 A - a scroll of vulnerability
 C - a scroll of amnesia {unknown}
 O - a scroll of acquirement {unknown}
Potions
 d - 5 potions of mutation
 f - a potion of heal wounds
 j - a potion of enlightenment {unknown}
 m - 2 potions of magic
 q - 5 potions of attraction
 t - 3 potions of lignification
 v - 2 potions of degeneration
 E - 3 potions of cancellation {unknown}
 I - a potion of brilliance {unknown}
 J - 3 potions of haste {unknown}
 K - a potion of curing {unknown}
 P - a potion of might {unknown}
Miscellaneous
 o - a phial of floods


   Skills:
 + Level 1.6 Fighting
 + Level 2.2 Short Blades
 + Level 0.9 Staves
 + Level 2.5 Throwing
 + Level 3.4 Dodging
 + Level 9.8 Stealth
 + Level 10.0 Spellcasting
 + Level 1.0 Conjurations
 + Level 10.2 Earth Magic
 + Level 1.9 Alchemy


You had 9 spell levels left.
You knew the following spells:

 Your Spells              Type           Power      Damage    Failure   Level
a - Sandblast             Erth           100%       2d20      1%          1
b - Passwall              Erth           69%        N/A       1%          3
c - Stone Arrow           Conj/Erth      100%       3d13      1%          3
d - Petrify               Alch/Erth      53%        N/A       2%          4
e - Brom's Barrelling Bo  Conj/Erth      51%        2d7       2%          4
f - Inner Flame           Hex/Fire       10%        N/A       8%          3
g - Swiftness             Air            10%        N/A       8%          3

Your spell library contained the following spells:

 Spells                   Type           Power      Damage    Failure   Level
 Slow                     Hex            40%        N/A       2%          1
 Ensorcelled Hibernation  Hex/Ice        20%        N/A       4%          2
 Confusing Touch          Hex            10%        N/A       8%          3
 Ozocubu's Armour         Ice            10%        N/A       8%          3
 Sigil of Binding         Hex            10%        N/A       8%          3
 Vampiric Draining        Necr           10%        2d6       8%          3
 Sticky Flame             Fire/Alch      14%        2d5       16%         4
 Flame Wave               Conj/Fire      12%        2d6       21%         4
 Metabolic Englaciation   Hex/Ice        5%         N/A       54%         5
 Sculpt Simulacrum        Ice/Alch       7%         N/A       92%         6


Dungeon Overview and Level Annotations

Branches:
Dungeon (10/15)            Temple (1/1) D:4             Orc (1/2) D:9
 Bailey (visited)
   Lair: D:8-11

Altars:
Ashenzari
Cheibriados
Dithmenos
Elyvilon
Fedhas
Gozag
Hepliaklqana
Kikubaaqudgha
Makhleb
Nemelex Xobeh
Okawaru
Qazlal
Ru
Sif Muna
Trog
Uskayaw
Vehumet
Wu Jian
Xom
Yredelemnul
Zin
The Shining One

Shops:
D:4 *   D:7 ?

Annotations:
D:2 1 runed translucent door, Crazy Yiuf
D:7 3 runed translucent doors, EnegeticOcto's ghost, novice TrDe; Zaque's ghost, novice TrBr; confidenceinterval's ghost, novice OpSh; lilalause's ghost, novice OnAr; paps's ghost, novice OpSh
D:9 3 runed translucent doors, Quickbrownfox's ghost, novice DsCj
Orc:1 Erolcha; Fannar


Innate Abilities, Weirdness & Mutations

You cannot wear most types of armour.
You are amphibious.
You can wear up to eight rings at the same time.
Your skin changes colour to match your surroundings (Stealth+).
Your rubbery body absorbs attacks. (AC +1, EV +1)
((You are camouflaged when in or above water. (Stealth+)))
You have tentacles for arms and can constrict up to eight enemies at once.


Message History

Press: ? - help, Shift-Dir - straight line, f - Erolcha
Aim: Erolcha, wielding a +0 giant club and wearing a +0 robe (chance to affect: 38%)
You feel a surge of power!
Erolcha resists with some effort.
Erolcha hits you with a +0 giant club!!!
Ouch! That really hurt!
You hear a shout!
Casting: Petrify (dangerous; 2% risk of failure)
Confirm with . or Enter, or press ? or * to list all spells.
Aiming: Petrify (dangerous; 2% risk of failure)
Press: ? - help, Shift-Dir - straight line, f/p - Erolcha
Aim: Erolcha, wielding a +0 giant club and wearing a +0 robe (chance to affect: 38%)
Okay, then.
As you read the scroll of fear, it crumbles to dust.
You assume a fearsome visage.
Fannar easily resists.
Erolcha easily resists.
The ogre looks frightened!
As you read the scroll of fear, it crumbles to dust.
You assume a fearsome visage.
Fannar looks frightened!
Erolcha looks frightened!
Erolcha mumbles some strange words.
Erolcha flickers and vanishes!
Deactivating autopickup; reactivate with Ctrl-A.
Fannar gestures wildly while chanting.
Fannar blinks!
You hear some strange, mumbled words.
You hear some strange, mumbled words.
You hear some strange, mumbled words.
You hear some strange, mumbled words.
Something hits you!
* * * LOW HITPOINT WARNING * * *
A troll comes into view.
Something misses you.
There is a staircase back to the Dungeon here.
As you read the scroll of fear, it crumbles to dust.
You assume a fearsome visage.
The ogre looks frightened!
The troll looks frightened!
The troll shouts!
Something hits you!!!
Ouch! That really hurt!
You die...
Your body crumbles into a pile of gold.

....... #.##
...$........#
............#
...^....#...
...T.......#
..#........##
............#
...........#
.......@>..##
............#
^...........#
............#
............#
.............#
.#.......O....#
......#..#.....##
...#............#


You could see a troll (fleeing) and an ogre (fleeing).

Vanquished Creatures
  A boulder beetle (D:8)
  Pikel (D:7)
  An orc knight (Bailey)
  A deep elf pyromancer (Bailey)
  Joseph (D:7)
  A hornet (D:9)
  A troll (Orc:1)
  A wyvern (D:9)
  Sigmund (D:6)
  4 steam dragons
  3 water moccasins
  2 ice beasts (D:6)
  2 black bears
  8 orc warriors
  A sky beast (D:7)
  2 ogres
  2 centaurs (D:9)
  A kobold brigand (D:7)
  A bullfrog (D:6)
  2 gnoll sergeants
  3 scorpions
  A wight (D:6)
  6 killer bees (D:8)
  3 howler monkeys (D:8)
  A quasit (D:7)
  4 hounds
  2 jellies
  4 orc priests
  6 bombardier beetles
  3 sleepcaps
  A gnoll bouda (D:6)
  Terence (D:3)
  4 iguanas
  7 orc wizards
  11 gnolls
  9 adders
  3 shadow imps
  An ufetubus (D:7)
  A ribbon worm (D:3)
  2 dart slugs
  36 orcs
  13 bats
  2 endoplasms (D:1)
  3 giant cockroaches
  4 goblins
  12 hobgoblins
  7 jackals
  3 quokkas (D:1)
  7 ball pythons
  8 frilled lizards
  4 kobolds
  5 rats
214 creatures vanquished.

Vanquished Creatures (collateral kills)
  2 boulders
2 creatures vanquished.

Vanquished Creatures (others)
  A boulder (D:8)
1 creature vanquished.

Grand Total: 217 creatures vanquished

Notes
Turn   | Place    | Note
-------+----------+-------------------------------------------
     0 | D:1      | Beon the Octopode Earth Elementalist began the quest for
                  | the Orb.
     0 | D:1      | Reached XP level 1. HP: 11/11 MP: 3/3
   392 | D:1      | Reached XP level 2. HP: 17/17 MP: 0/5
   842 | D:1      | Reached XP level 3. HP: 21/21 MP: 4/6
   903 | D:1      | Learned a level 3 spell: Passwall
  1595 | D:2      | Found a runed translucent door.
  1596 | D:2      | Noticed Crazy Yiuf
  2118 | D:3      | Noticed Terence
  2279 | D:3      | Killed Terence
  2280 | D:3      | Reached XP level 4. HP: 27/27 MP: 0/7
  2593 | D:1      | Reached XP level 5. HP: 31/31 MP: 3/9
  3041 | D:3      | Reached skill level 5 in Earth Magic
  3880 | D:3      | Reached XP level 6. HP: 33/36 MP: 11/11
  4324 | D:4      | Learned a level 3 spell: Stone Arrow
  4329 | D:4      | Learned a level 4 spell: Petrify
  4340 | D:4      | Found Cilah Noxe's Assorted Antiques.
  4354 | D:4      | Found a burning altar of Makhleb.
  4389 | D:4      | Found a staircase to the Ecumenical Temple.
  4396 | Temple   | Entered the Ecumenical Temple
  4411 | Temple   | Became a worshipper of Gozag Ym Sagoz the Greedy
  4641 | D:4      | Reached XP level 7. HP: 34/41 MP: 13/13
  4873 | D:4      | Bought a scroll of identify for 50 gold pieces
  4962 | D:4      | Reached skill level 5 in Spellcasting
  5514 | D:5      | Entered Level 5 of the Dungeon
  5810 | D:5      | Reached skill level 1 in Throwing
  5810 | D:5      | Reached XP level 8. HP: 34/47 MP: 16/16
  6546 | D:6      | Noticed Sigmund
  6565 | D:6      | Killed Sigmund
  6840 | D:6      | Reached skill level 5 in Stealth
  6863 | D:6      | Learned a level 4 spell: Brom's Barrelling Boulder
  7022 | D:6      | Reached XP level 9. HP: 52/52 MP: 19/19
  7059 | D:6      | Reached skill level 1 in Fighting
  7363 | D:5      | Learned a level 3 spell: Inner Flame
  7761 | D:7      | Noticed Joseph
  7810 | D:7      | Learned a level 3 spell: Swiftness
  8029 | D:7      | Found a runed translucent gate.
  8029 | D:7      | Found a runed translucent gate.
  8030 | D:7      | Found a runed translucent gate.
  8059 | D:7      | Found Patroyce's Magic Scroll Boutique.
  8062 | D:7      | Bought a scroll of identify for 30 gold pieces
  8062 | D:7      | Bought a scroll of noise for 15 gold pieces
  8062 | D:7      | Bought a scroll of identify for 30 gold pieces
  8062 | D:7      | Bought a scroll of identify for 30 gold pieces
  8205 | D:7      | Noticed Pikel
  8224 | D:7      | Killed Pikel
  8394 | D:7      | Noticed confidenceinterval's ghost (novice OpSh)
  8394 | D:7      | Noticed lilalause's ghost (novice OnAr)
  8394 | D:7      | Noticed paps's ghost (novice OpSh)
  8394 | D:7      | Noticed EnegeticOcto's ghost (novice TrDe)
  8398 | D:7      | Noticed Zaque's ghost (novice TrBr)
  8439 | D:7      | Killed Joseph
  8440 | D:7      | Reached skill level 1 in Short Blades
  8440 | D:7      | Reached skill level 1 in Alchemy
  8455 | D:7      | Reached XP level 10. HP: 11/58 MP: 14/22
  9101 | D:6      | Found a sacrificial altar of Ru.
  9101 | D:6      | Found a shadowy altar of Dithmenos.
  9699 | D:8      | Noticed a boulder beetle
  9715 | D:8      | Killed a boulder beetle
  9783 | D:8      | Noticed a cyclops
  9784 | D:8      | Noticed a gargoyle
 10935 | D:9      | Noticed a boulder beetle
 10935 | D:9      | Noticed a brown ugly thing
 10955 | D:9      | Found a staircase to the Orcish Mines.
 10991 | D:9      | Found a runed translucent gate.
 10991 | D:9      | Found a runed translucent gate.
 10991 | D:9      | Found a runed translucent gate.
 10997 | D:9      | Noticed Quickbrownfox's ghost (novice DsCj)
 11078 | D:9      | Found a flagged portal.
 11094 | Bailey   | Entered a bailey
 11170 | Bailey   | Noticed an orc knight
 11183 | Bailey   | Killed an orc knight
 11258 | Bailey   | Reached XP level 11. HP: 51/63 MP: 13/24
 11385 | Bailey   | Found a large runed translucent door.
 11385 | Bailey   | Found a large runed translucent door.
 11385 | Bailey   | Noticed a deep elf pyromancer
 11422 | Bailey   | Killed a deep elf pyromancer
 11423 | Bailey   | Reached skill level 10 in Earth Magic
 11558 | D:9      | Reached skill level 10 in Spellcasting
 12266 | D:10     | Entered Level 10 of the Dungeon
 12398 | Orc:1    | Entered Level 1 of the Orcish Mines
 12425 | Orc:1    | Noticed Erolcha
 12431 | Orc:1    | Noticed Fannar
 12452 | Orc:1    | Annihilated by Erolcha

Illustrated notes

Levels and vault maps discovered:
D:1:      elethiomel_arrival_fortress_basement, layout_rooms
D:2:      layout_loops_ring, uniq_crazy_yiuf_cottage
D:3:      minmay_chambers_of_threes, layout_basic, interstate_on_off,
          minivault_14, kennysheep_generic_room_2, uniq_terence
D:4:      layout_basic, lemuel_crystal_altar,
          minmay_temple_entry_drinking_statues, serial_shops,
          nicolae_shop_hallway_plus, lightli_minifort
D:5:      layout_basic, serial_corexii_hall, chequers_hall_statues_y,
          corexii_hall_statues_x
D:6:      minmay_skewed_foursquare, layout_basic,
          gammafunk_temple_overflow_elements, amcnicky_mini_pool_medium,
          uniq_sigmund
D:7:      layout_loops_ring, serial_shops, kennysheep_mini,
          gammafunk_ghost_cemetery, serial_demonic, serial_demonic_c,
          serial_demonic_c, serial_demonic_e, serial_demonic_d,
          serial_demonic_b, uniq_pikel, uniq_joseph
D:8:      layout_basic, lightli_corner_chamber
D:9:      layout_grid_maze, orc_0_dummy, enter_bailey_4,
          gammafunk_ghost_spectres, minivault_20
D:10:     layout_long_grid, uniq_lodul, uniq_urug
Temple:   compressed_dpeg_triangle_lava_temple
Orc:1:    layout_caves, serial_shops, nicolae_shop_pleasant_corner_grove,
          elves_outpost_lemuel, uniq_harold, uniq_fannar, uniq_erolcha

Skill      XL: |  1  2  3  4  5  6  7  8  9 10 11 |
---------------+----------------------------------+-----
Earth Magic    | 4 5 6 7 8 9 10 | 10.2
Stealth        | 3 5 8 9 |  9.8
Spellcasting   | 3 4 5 7 8 9 10 | 10.0
Throwing       | 1 2 |  2.5
Fighting       | 1 |  1.6
Dodging        | 3 |  3.4
Short Blades   | 1 2 |  2.2
Alchemy        | 1 |  1.9
Staves         | |  0.9
Conjurations   | |  1.0

Action                     |  1- 3 |  4- 6 |  7- 9 | 10-12 || total
---------------------------+-------+-------+-------+-------++-------
  Melee: Constrict         |     1 |     3 |    12 |     3 ||    19
         Tentacles         |     1 |     1 |     8 |     2 ||    12
         Punch             |     1 |       |     1 |       ||     2
         Unarmed           |     1 |       |       |       ||     1
         Dagger            |       |    11 |    20 |    19 ||    50
         Staff             |       |       |    11 |     4 ||    15
  Throw: Dart              |     2 |    17 |    13 |    30 ||    62
   Cast: Sandblast         |    52 |    69 |   100 |    92 ||   313
         Passwall          |     1 |     1 |       |     4 ||     6
         Petrify           |       |       |     8 |    11 ||    19
         Stone Arrow       |       |       |       |     4 ||     4
         Brom's Barrelling |       |       |       |     3 ||     3
         Inner Flame       |       |       |       |     2 ||     2
    Use: Scroll            |       |       |    11 |     8 ||    19
         Potion            |       |       |     1 |     2 ||     3
   Stab: Sleeping          |       |     2 |     8 |    10 ||    20
         Petrified         |       |       |    10 |     7 ||    17
 Armour: Skin              |     4 |    24 |    29 |    33 ||    90
  Dodge: Dodged            |     9 |    39 |    50 |    42 ||   140
         Form:             |       |       |       |     1 ||     1
         Serpent           |       |       |       |     1 ||     1
